Map: Pendiente de Agustín EE

Players

TATORREA

  • Race: Protoss Protoss
  • League: Silver
  • Spawn Location: 12:00

tigro

  • Race: Terran Terran
  • League: Bronze
  • Spawn Location: 12:00

MrFercho

  • Race: Terran Terran
  • League: Silver
  • Spawn Location: 11:00

solidnliquid

  • Race: Protoss Protoss
  • Spawn Location: 6:00

carpaltunnel

  • Race: Zerg Zerg
  • Spawn Location: 5:00

zateon

  • Race: Terran Terran
  • League: Gold
  • Spawn Location: 6:00

VOD

Have the link to the VOD?

Description

Time

  • Played on: June 5, 2020, 8:42 p.m.
  • Length: 18:07
Show
View Real Time Build Order
Export as new Build Order

TATORREA Protoss 

Build Orders:  

Get SALT Encoding   

  12  0:01  Probe  
  13  0:19  Probe, Pylon  
  14  0:31  Probe  
  15  0:41  Forge  
  15  0:48  Probe  
  16  1:00  Probe, Gateway  
  17  1:15  Probe, Gateway  
  17  2:03  Cybernetics Core  
  17  2:08  Assimilator  
  17  2:16  Nexus  
  17  2:18  Pylon  
  17  2:22  Pylon  
  17  2:24  Probe  
  18  2:30  Gateway  
  18  2:33  Assimilator  
  18  2:38  Probe  
  19  2:54  Zealot x2  
  19  2:57  Probe  
  24  3:09  Probe  
  25  3:20  Warp Gate  
  25  3:21  Zealot  
  25  3:22  Protoss Ground Weapons Level 1  
  29  3:27  Zealot x2  
  29  3:32  Probe  
  32  3:41  Probe  
  33  3:46  Probe  
  34  3:48  Zealot  
  36  3:58  Probe x2, Pylon  
  36  4:01  Pylon  
  38  4:11  Probe x2  
  40  4:25  Probe x2  
  40  4:26  Twilight Council  
  40  4:29  Stargate  
  42  4:40  Stalker  
  42  4:41  Stalker  
  42  4:43  Probe  
  42  4:44  Probe  
  48  4:52  Assimilator  
  48  4:55  Probe  
  48  4:56  Probe  
  50  5:07  Templar Archives  
  50  5:09  Probe x2  
  52  5:21  Probe x2  
  52  5:24  Assimilator  
  52  5:25  Charge  
  54  5:33  Probe  
  54  5:34  Probe  
  56  5:39  Void Ray  
  60  5:45  Probe  
  60  5:46  Probe  
  62  5:58  Probe x2, Stalker x3  
  70  6:08  Protoss Ground Weapons Level 2  
  70  6:37  Pylon  
  70  6:40  Pylon  
  70  6:46  Pylon  
  70  6:50  Pylon  
  70  6:53  Pylon  
  70  6:58  Stalker x2  
  70  6:59  Stalker  
  76  7:11  Gateway  
  76  7:13  Gateway, Nexus  
  76  7:15  Pylon, Gateway  
  76  7:18  Pylon  
  76  7:19  Probe x2  
  76  7:20  Robotics Facility  
  78  7:33  Probe x2  
  80  7:37  Zealot x2  
  80  7:38  Zealot  
  86  7:48  Void Ray  
  90  7:52  Probe x2  
  92  7:58  Zealot x2  
  92  7:59  Zealot  
  92  8:04  Probe x2  
  100  8:15  Fleet Beacon  
  100  8:16  Probe x2  
  100  8:19  Robotics Bay  
  102  8:22  Blink  
  102  8:28  Probe x2  
  104  8:40  Probe  
  105  8:42  Protoss Ground Weapons Level 3  
  105  8:46  Void Ray  
  109  8:55  Assimilator  
  109  8:57  Probe x3, Assimilator  
  109  9:02  Stalker x3  
  116  9:03  Stalker  
  116  9:04  Stalker  
  116  9:06  Zealot  
  124  9:13  Immortal  
  128  9:21  Extended Thermal Lance  
  128  9:23  Flux Vanes  
  128  9:40  Probe  
  129  9:53  Observer  
  130  10:02  Stalker x3  
  130  10:03  Stalker x2  
  140  10:08  Nexus  
  140  10:26  Protoss Air Weapons Level 1  
  140  10:48  Pylon  
  140  10:50  Pylon  
  140  10:54  Pylon x2  
  140  10:55  Pylon  
  140  10:59  Pylon  
  140  11:00  Psionic Storm  
  140  11:02  Pylon  
  140  11:03  Pylon  
  140  11:04  Pylon  
  140  11:05  Void Ray  
  140  11:07  Colossus  
  140  11:10  Gateway  
  150  11:12  Gateway  
  150  11:13  Gateway  
  150  11:14  Gateway  
  150  11:18  Gateway  
  98  11:40  Protoss Ground Armor Level 1  
  72  11:50  Stalker x2  
  72  11:51  Stalker x3  
  72  11:52  Stalker  
  84  11:55  Phoenix  
  85  12:08  Stalker  
  85  12:09  Stalker  
  85  12:12  Colossus  
  95  12:25  Pylon  
  95  12:28  Pylon  
  95  12:30  Pylon  
  95  12:32  Stargate  
  95  12:33  Stargate  
  95  12:37  Stalker  
  95  12:38  Stalker x3  
  95  12:39  Stalker x2  
  95  12:40  Stalker x2  
  95  12:41  Stalker  
  95  12:42  Stalker  
  95  12:44  Stalker  
  65  13:11  Zealot x4  
  65  13:12  Zealot x2  
  60  13:13  Zealot x2  
  60  13:14  Zealot x3  
  60  13:19  Phoenix x3  
  72  13:21  Anion Pulse-Crystals  
  72  13:36  High Templar  
  72  13:39  Stalker x3  
  72  13:40  Stalker  
  82  13:46  Stalker  
Show
View Real Time Build Order
Export as new Build Order

tigro Terran 

Build Orders:  

Get SALT Encoding   

  12  0:02  SCV  
  13  0:14  SCV  
  14  0:27  SCV  
  15  0:28  Supply Depot  
  15  0:36  Refinery  
  15  0:50  SCV  
  16  0:58  Barracks  
  16  1:02  SCV  
  17  1:14  SCV  
  17  1:15  Refinery  
  18  1:26  SCV  
  18  1:28  Supply Depot  
  19  1:41  SCV  
  20  1:49  Marine  
  20  1:53  SCV  
  22  2:05  SCV  
  22  2:07  Marine  
  24  2:11  Barracks  
  24  2:21  Engineering Bay  
  24  2:23  SCV  
  24  2:25  Marine  
  26  2:35  SCV  
  27  2:43  Marine  
  28  2:49  Terran Infantry Weapons Level 1  
  28  2:59  Barracks Tech Lab  
  28  3:01  Marine  
  29  3:12  Factory  
  29  3:20  Barracks Tech Lab  
  29  3:21  Combat Shield  
  29  3:24  Marine  
  30  3:29  Command Center  
  30  3:32  Orbital Command  
  30  3:40  Stimpack  
  30  3:58  Factory Tech Lab  
  30  4:10  Starport  
  30  4:26  Siege Tank  
  33  4:40  Concussive Shells  
  33  4:42  Refinery  
  33  4:43  Terran Infantry Armor Level 1  
  33  4:46  SCV  
  33  4:52  Medivac  
  36  4:58  SCV  
  37  5:07  Refinery  
  37  5:10  SCV  
  38  5:22  SCV  
  38  5:24  Missile Turret  
  39  5:34  SCV  
  40  5:42  Starport Tech Lab  
  40  5:47  Missile Turret  
  40  6:18  Missile Turret  
  40  6:19  Planetary Fortress  
  40  6:37  Neosteel Armor  
  40  6:58  Fusion Core  
  40  6:59  Armory  
  40  7:12  Marine x2  
  42  7:17  Medivac  
  42  7:19  Siege Tank  
  47  7:30  Marine x2  
  49  7:47  Marine  
  49  7:48  Marine, Weapon Refit  
  51  7:51  Siege Tank  
  54  7:59  SCV  
  55  8:05  Marine  
  55  8:06  Marine  
  55  8:11  SCV  
  58  8:17  Hi-Sec Auto Tracking  
  58  8:23  SCV, Marine  
  58  8:24  Widow Mine  
  62  8:47  Supply Depot  
  62  9:08  Drilling Claws, Marine x2  
  62  9:09  SCV, Widow Mine  
  67  9:10  Supply Depot  
  67  9:12  Cloaking Field  
  67  9:21  SCV  
  68  9:26  Marine  
  68  9:28  Battlecruiser, Rapid Reignition System  
  68  9:30  Widow Mine  
  77  10:11  Missile Turret  
  77  10:24  Marine x2  
  77  10:25  Advanced Ballistics  
  77  10:27  Smart Servos  
  79  10:32  Hyperflight Rotors  
  79  10:34  Missile Turret  
  79  10:41  Battlecruiser  
  79  10:42  Marine x2  
  87  11:00  Marine x2  
  87  11:01  Missile Turret  
  89  11:18  Marine x2  
  91  11:28  Missile Turret  
  91  11:35  Marine  
  91  11:36  Marine  
  93  11:46  Mag-Field Accelerator  
  93  11:53  Marine  
  94  11:55  Missile Turret  
  94  12:12  Supply Depot  
  94  12:16  Marine x2  
  94  12:22  Battlecruiser, Thor  
  67  12:34  Supply Depot, Marine x2  
  48  12:52  Marine x2  
  48  12:56  Supply Depot  
Show
View Real Time Build Order
Export as new Build Order

MrFercho Terran 

Build Orders:  

Get SALT Encoding   

  12  0:01  SCV  
  13  0:13  SCV  
  14  0:25  SCV, Supply Depot  
  15  0:44  Refinery  
  15  0:47  SCV  
  16  0:59  SCV  
  16  1:02  Barracks  
  17  1:17  Engineering Bay  
  17  1:26  SCV  
  17  1:27  Supply Depot  
  17  1:29  Supply Depot  
  18  1:38  SCV  
  19  1:48  Refinery  
  19  1:50  SCV  
  20  1:57  Marine  
  21  2:03  SCV  
  22  2:11  Missile Turret  
  22  2:15  Marine  
  23  2:19  Terran Infantry Weapons Level 1  
  23  2:29  SCV  
  24  2:41  SCV  
  24  2:42  Barracks Tech Lab  
  25  2:53  Factory  
  25  3:09  Command Center  
  25  3:24  SCV  
  25  3:26  Refinery  
  26  3:32  Refinery  
  26  3:38  Factory  
  26  3:46  Starport  
  26  3:56  Starport  
  26  4:01  Orbital Command  
  26  4:20  Hi-Sec Auto Tracking  
  26  4:25  Factory Tech Lab  
  26  4:27  Factory Reactor  
  26  4:41  Fusion Core  
  26  4:51  Starport Reactor  
  26  4:52  Starport Reactor  
  26  5:03  SCV  
  27  5:15  SCV, Orbital Command  
  28  5:27  SCV  
  29  5:33  Marine  
  30  5:39  SCV  
  31  5:51  SCV, Marine  
  31  5:52  Armory  
  31  5:53  Armory  
  33  5:57  Advanced Ballistics  
  33  6:03  SCV x2  
  35  6:09  Marine  
  36  6:17  Siege Tank  
  36  6:18  Widow Mine x2  
  43  6:27  Marine  
  44  6:36  Missile Turret  
  44  6:41  Missile Turret  
  44  6:43  SCV  
  44  6:44  SCV, Marine  
  47  6:56  SCV x2, Missile Turret  
  49  7:08  SCV x2  
  51  7:18  Supply Depot x2  
  51  7:20  SCV x2, Rapid Reignition System  
  51  7:22  Supply Depot  
  53  7:23  Drilling Claws  
  53  7:32  SCV  
  54  7:37  Terran Ship Weapons Level 1, Terran Vehicle And Ship Armor Level 1  
  54  7:46  Liberator x2  
  54  7:48  Liberator x2  
  66  8:11  SCV x2  
  68  8:18  Command Center  
  68  8:20  Combat Shield  
  68  8:23  SCV  
  68  8:24  SCV  
  70  8:28  Widow Mine x2  
  70  8:29  Widow Mine  
  76  8:35  SCV  
  76  8:36  SCV  
  78  8:45  Factory  
  78  8:50  Factory  
  78  8:59  Widow Mine x3  
  84  9:12  Supply Depot  
  84  9:14  Supply Depot  
  84  9:20  Widow Mine  
  86  9:29  Viking  
  86  9:30  Viking x3  
  94  9:54  SCV  
  94  9:55  SCV  
  94  9:58  Orbital Command  
  94  9:59  Viking  
  98  10:00  Viking x2  
  98  10:04  Refinery  
  98  10:06  SCV  
  103  10:07  SCV  
  104  10:18  SCV  
  104  10:19  SCV  
  106  10:26  Factory Reactor x2  
  106  10:30  SCV, Refinery, Marine  
  106  10:31  SCV  
  109  10:40  Terran Ship Weapons Level 2, Terran Vehicle And Ship Armor Level 2  
  109  10:48  Marine  
  109  10:49  Weapon Refit  
  110  11:06  Starport, Marine  
  111  11:19  Starport  
  111  11:21  Starport  
  111  11:23  SCV, Starport  
  111  11:24  SCV x2, Marine  
  115  11:31  Widow Mine  
  115  11:32  Widow Mine x6  
  129  11:35  SCV  
  129  11:36  SCV x2  
  132  11:42  Marine  
  133  12:11  Supply Depot  
  133  12:12  Supply Depot  
  133  12:13  Supply Depot  
  133  12:14  Supply Depot  
  133  12:15  Supply Depot  
  133  12:18  Supply Depot  
  133  12:23  Starport Tech Lab x2  
  133  12:24  Starport Reactor x2  
  133  12:33  Widow Mine x4  
  133  12:34  Widow Mine x3  
  143  12:56  Widow Mine  
  143  12:57  Widow Mine x6  
  142  13:18  Widow Mine x5  
  142  13:19  Widow Mine x2  
  117  13:39  Widow Mine  
  117  13:40  Widow Mine x6  
  116  14:01  Widow Mine x7  
  125  14:23  Widow Mine  
  117  14:27  Widow Mine x6  
  129  14:44  Widow Mine  
  131  14:48  Widow Mine x3  
  131  14:49  Widow Mine x3  
  125  15:04  Viking  
  125  15:05  Viking x3  
  135  15:10  Widow Mine x4  
  48  16:21  Command Center  
  48  16:50  Command Center, Refinery  
  48  16:53  Refinery  
Show
View Real Time Build Order
Export as new Build Order

solidnliquid Protoss 

Build Orders: 1 Gate Expand, Carriers, Carrier Rush 

Get SALT Encoding   

  12  0:01  Probe  
  13  0:14  Pylon  
  13  0:18  Probe  
  14  0:34  Gateway  
  14  0:38  Assimilator  
  14  0:41  Probe  
  15  0:53  Probe  
  16  1:06  Probe  
  17  1:26  Cybernetics Core  
  17  1:29  Probe  
  18  1:42  Probe  
  18  1:43  Nexus  
  18  1:47  Assimilator  
  19  2:08  Probe  
  20  2:20  Probe  
  21  2:25  Stargate  
  21  2:33  Probe  
  22  2:45  Probe  
  22  2:48  Assimilator  
  23  3:04  Probe  
  24  3:09  Probe  
  25  3:19  Fleet Beacon  
  25  3:22  Pylon  
  25  3:32  Probe  
  27  3:34  Probe  
  27  3:47  Probe  
  28  3:53  Assimilator  
  28  3:58  Probe  
  28  3:59  Probe  
  30  4:05  Carrier  
  36  4:10  Stargate  
  36  4:11  Probe  
  37  4:24  Probe  
  37  4:27  Probe  
  39  4:36  Probe  
  40  4:39  Probe  
  41  4:51  Probe  
  42  5:02  Pylon  
  42  5:05  Pylon  
  42  5:07  Pylon  
  42  5:20  Carrier  
  42  5:21  Carrier  
  54  5:22  Pylon  
  54  5:35  Stargate  
  54  5:39  Stargate  
  54  5:51  Probe  
  54  5:54  Probe  
  56  6:02  Pylon  
  56  6:06  Probe, Pylon  
  56  6:08  Pylon  
  56  6:10  Pylon  
  57  6:14  Pylon  
  57  6:18  Probe  
  57  6:21  Probe  
  57  6:25  Carrier  
  65  6:26  Carrier  
  65  6:30  Probe  
  72  6:33  Probe  
  73  6:42  Probe, Carrier  
  73  6:45  Probe  
  81  7:09  Carrier  
  87  7:35  Carrier  
  93  7:51  Nexus  
  93  7:52  Carrier  
  99  8:06  Pylon  
  99  8:07  Pylon  
  99  8:10  Pylon  
  99  8:11  Pylon  
  99  8:14  Pylon  
  99  8:15  Carrier  
  105  8:20  Pylon  
  105  8:23  Pylon  
  105  8:32  Cybernetics Core  
  105  8:38  Carrier  
  111  8:49  Assimilator  
  111  8:52  Assimilator  
  111  9:05  Carrier  
  117  9:30  Probe  
  118  9:43  Probe  
  118  9:44  Carrier  
  118  9:45  Carrier  
  131  9:55  Probe  
  132  10:04  Carrier  
  138  10:11  Pylon  
  138  10:29  Carrier  
  138  10:32  Probe  
  145  10:36  Probe  
  146  10:43  Probe  
  146  10:49  Carrier  
  153  10:54  Carrier  
  153  10:55  Probe  
  160  11:07  Probe  
  161  11:21  Protoss Air Weapons Level 1  
  161  11:24  Protoss Air Armor Level 1  
  132  11:40  Carrier  
  132  11:41  Carrier  
  132  11:44  Probe  
  139  11:49  Probe  
  140  11:56  Probe  
  141  12:01  Probe  
  142  12:08  Probe  
  142  12:13  Probe  
  132  12:38  Carrier  
  132  12:39  Carrier  
  138  13:03  Carrier  
  138  13:04  Carrier  
  138  13:34  Probe  
  139  13:46  Probe  
  140  13:58  Probe  
  141  14:09  Carrier x3  
  159  14:10  Probe  
  160  14:22  Probe  
  161  15:52  Carrier x3  
  161  15:53  Carrier  
Show
View Real Time Build Order
Export as new Build Order

carpaltunnel Zerg 

Build Orders: Pool First 

Get SALT Encoding   

  12  0:11  Drone  
  12  0:12  Drone  
  14  0:17  Overlord  
  14  0:22  Extractor  
  14  0:25  Drone  
  14  0:43  Spawning Pool  
  14  0:49  Drone x2  
  15  1:32  Metabolic Boost  
  15  1:34  Zergling x2  
  15  1:35  Hatchery  
  15  1:43  Zergling x2  
  16  2:29  Lair  
  16  2:39  Hatchery, Drone x3  
  18  2:57  Drone  
  19  3:06  Drone x2  
  21  3:15  Drone x2  
  21  3:17  Drone  
  24  3:37  Queen  
  26  3:54  Drone x4  
  26  3:55  Drone x3  
  34  4:02  Zergling x2  
  34  4:12  Hydralisk Den  
  33  4:26  Overlord  
  33  4:27  Overlord  
  33  4:28  Drone  
  34  4:34  Infestation Pit  
  33  4:39  Evolution Chamber, Queen  
  33  4:42  Evolution Chamber  
  33  4:48  Hatchery  
  32  4:58  Drone x6  
  32  4:59  Drone x3  
  41  5:10  Zerg Missile Weapons Level 1  
  41  5:41  Extractor  
  40  6:19  Overlord  
  40  6:20  Hydralisk, Drone x2  
  40  6:21  Hydralisk x2  
  40  6:23  Overlord  
  48  6:26  Overlord x2  
  48  6:27  Overlord  
  48  6:53  Hydralisk x3  
  54  6:56  Zergling x10  
  54  6:57  Zergling x8  
  63  7:05  Queen  
  65  7:17  Hatchery  
  64  7:37  Overlord  
  64  7:38  Overlord  
  64  7:41  Drone x3  
  64  7:42  Drone x2  
  69  7:44  Hydralisk x4  
  69  7:45  Hydralisk  
  69  7:48  Drone  
  69  7:49  Overlord x2  
  80  7:59  Zerg Ground Armor Level 1  
  80  8:11  Queen  
  82  8:15  Queen  
  82  8:19  Queen  
  86  8:44  Hive  
  86  8:46  Hydralisk  
  86  8:47  Hydralisk  
  90  8:53  Extractor  
  89  8:57  Extractor  
  89  8:58  Drone  
  89  8:59  Drone x3  
  89  9:01  Overlord  
  89  9:02  Drone x2  
  94  9:03  Hydralisk x2  
  94  9:05  Zergling x4  
  94  9:06  Zergling x14  
  94  9:07  Zergling x6  
  110  9:31  Drone x3  
  113  10:07  Hydralisk x4  
  113  10:08  Hydralisk x2  
  113  10:10  Overlord x3  
  113  10:11  Overlord x3  
  125  10:37  Hydralisk x4  
  125  10:38  Hydralisk x6  
  125  10:39  Hydralisk x2  
  125  10:42  Zergling x10  
  154  10:43  Zergling x12  
  154  10:44  Zergling x4  
  154  10:48  Zerg Melee Weapons Level 1  
  162  11:01  Zerg Missile Weapons Level 2  
  162  11:06  Overseer  
  162  11:10  Overseer  
  162  11:18  Extractor  
  161  11:20  Extractor  
  160  11:33  Ultralisk Cavern  
  156  11:53  Hydralisk  
  156  11:54  Hydralisk x2  
  162  12:13  Overlord x3  
  162  12:14  Drone x3  
  162  12:15  Drone  
  150  12:42  Ultralisk  
  150  12:43  Ultralisk x3  
  167  12:45  Zergling x2  
  167  12:46  Zergling x14  
  168  13:29  Ultralisk x3  
  168  13:30  Ultralisk  
  168  13:32  Zergling x12  
  198  13:38  Overlord x4  
  194  14:00  Ultralisk  
  191  14:57  Ultralisk  
  197  15:02  Hydralisk  
  197  15:04  Zergling x2  
  187  15:57  Ultralisk  
  187  15:58  Ultralisk  
Show
View Real Time Build Order
Export as new Build Order

zateon Terran 

Build Orders:  

Get SALT Encoding   

  12  0:16  SCV, Supply Depot  
  13  0:28  SCV  
  14  0:45  Barracks  
  14  0:46  SCV  
  15  0:50  Refinery  
  15  0:58  SCV  
  16  1:10  SCV  
  17  1:22  SCV  
  18  1:34  Marine  
  18  1:37  Orbital Command  
  19  1:44  Bunker  
  19  1:52  Marine  
  20  2:25  Factory  
  20  2:27  Command Center  
  20  2:38  Barracks Tech Lab  
  20  2:40  SCV  
  20  2:42  Barracks  
  21  2:52  SCV  
  21  2:54  Supply Depot  
  22  3:08  SCV  
  22  3:10  Refinery  
  23  3:15  Stimpack  
  23  3:17  Marine  
  24  3:20  SCV  
  25  3:32  SCV  
  26  3:34  Marine  
  26  3:39  Factory Reactor  
  27  3:44  SCV  
  27  3:45  Starport  
  28  3:49  Barracks Reactor  
  28  3:52  Marine  
  28  3:55  Orbital Command  
  29  3:56  SCV  
  30  4:09  SCV  
  31  4:11  Marine  
  31  4:13  Supply Depot  
  32  4:21  SCV  
  33  4:26  Engineering Bay  
  33  4:29  Marine  
  34  4:31  SCV  
  34  4:33  SCV  
  36  4:43  SCV, Medivac x2  
  36  4:45  SCV  
  42  4:47  Marine x2  
  42  4:48  Marine  
  45  4:54  Factory Tech Lab  
  45  4:56  SCV  
  46  5:01  SCV  
  46  5:04  Marine  
  46  5:05  Marine  
  46  5:06  Marine  
  50  5:08  SCV  
  50  5:09  Refinery  
  50  5:13  SCV  
  52  5:20  SCV  
  53  5:22  Marine  
  54  5:42  Supply Depot  
  54  5:46  Terran Infantry Weapons Level 1  
  54  5:53  Supply Depot  
  54  6:03  Marine x3  
  54  6:04  SCV x2, Siege Tank  
  62  6:12  Refinery  
  62  6:16  SCV x2  
  64  6:21  Marine  
  64  6:22  Marauder  
  64  6:23  Marine  
  68  6:28  SCV x2  
  70  6:46  Supply Depot  
  70  6:49  Supply Depot  
  70  7:07  Marine  
  70  7:08  SCV x2, Marauder, Siege Tank  
  78  7:09  Marine  
  78  7:13  Supply Depot  
  79  7:20  SCV x2  
  81  7:25  Marine  
  81  7:27  Marine  
  81  7:29  Marauder  
  85  7:30  Supply Depot  
  85  7:32  SCV x2  
  87  7:37  Supply Depot  
  87  7:43  Marine  
  88  7:44  SCV x2  
  88  7:45  Marine  
  88  7:51  Marauder  
  93  7:54  Supply Depot  
  95  7:58  Hellion  
  95  8:01  Marine  
  95  8:03  Marine  
  95  8:05  Supply Depot  
  97  8:12  Marauder  
  99  8:16  Supply Depot  
  99  8:19  Marine  
  102  8:20  Hellion, Command Center, Marine  
  102  8:22  Armory  
  102  8:25  Barracks  
  103  8:30  Barracks  
  103  8:33  Marauder  
  105  8:35  Starport  
  105  8:36  Marine  
  105  8:38  Marine, Factory  
  109  8:41  Hellion, Supply Depot  
  109  8:49  Supply Depot  
  109  8:54  Marine  
  109  8:55  Marauder  
  112  8:56  Marine  
  112  8:59  Viking, Medivac  
  119  9:03  Hellion  
  119  9:12  Supply Depot, Marine  
  119  9:14  Marine  
  119  9:16  Marauder  
  125  9:24  Hellion  
  125  9:29  Viking x2  
  125  9:30  Marine  
  130  9:31  Starport Tech Lab  
  130  9:32  Marine  
  130  9:38  Marauder  
  133  9:44  Barracks Reactor  
  133  9:45  Barracks Tech Lab, Siege Tank  
  136  9:49  Factory Tech Lab  
  136  9:59  Viking x2, Supply Depot, Marauder  
  142  10:03  Supply Depot  
  142  10:17  Siege Tank  
  145  10:29  Viking x2  
  149  10:46  Marauder x2  
  149  10:47  Marine x4  
  157  10:58  Viking  
  157  10:59  Viking  
  161  11:05  Marine x4  
  161  11:07  Marauder x2  
  169  11:22  Marine  
  169  11:23  Marine x3  
  173  11:28  Viking, Marauder  
  173  11:29  Medivac, Marauder  
  173  11:40  Marine x2  
  173  11:41  Marine x2  
  174  11:50  Marauder x2  
  178  12:08  Thor  
  178  12:09  Thor  
  178  12:11  Marauder x2  
  194  12:51  Thor x2  
  107  13:51  Marauder x2  
  107  13:52  Marine x4  
  114  14:10  Marine  
  114  14:12  Marauder  
  114  14:13  Marauder  
  114  14:15  Marine x2  
  114  14:16  Marine  
  122  14:22  Viking x3  
  128  14:27  Marine  
  129  14:33  Marine x3  
  129  14:34  Marauder x2  
  136  14:45  Marine  
  126  14:51  Marine x3  
  126  14:52  Viking x3  
  134  14:55  Marauder x2  
  136  15:03  Marine  
  126  15:09  Marine x3  
  127  15:16  Marauder  
  127  15:17  Marauder  
  122  15:22  Viking x3  
  109  15:38  Marauder x2  
  108  15:52  Viking x3  
  98  16:22  Viking  
  92  16:52  Marauder  
  92  16:53  Marauder  
  96  16:54  Marine  
  96  16:55  Marine x3  
  89  17:12  Marine x2  
  89  17:13  Marine x2  
  89  17:14  Marauder x2  
  97  17:30  Marine x3  
  97  17:31  Marine  
  97  17:35  Marauder x2  
  123  17:48  Marine x4  
Tags
 
Add a new tag
Caveats
  • Supply blocks, unpowered buildings, or Contaminate may cause inaccurate times.
  • Supply counts are checked every 10 seconds.